 Dungeon Sprint DCSS version 0.31-a0-963-ga325b2283a (webtiles) character file.

Game seed: 12382782689192851552

7895 sircluck the Brawler (level 11, -4/190 HPs)
             Began as a Troll Berserker on Oct 25, 2023.
             Was a High Priest of Trog.
             Slain by Bosel the pandemonium lord (34 damage)
             ... in the Dungeon (Sprint VII: "The Pits").
             The game lasted 00:03:07 (1021 turns).

sircluck the Brawler (Troll Berserker)              Turns: 1021, Time: 00:03:07

Health: -4/190     AC: 11    Str: 31    XL:     11   Next: 2%
Magic:  10/10      EV: 14    Int:  3    God:    Trog [*****.]
Gold:   0          SH:  0    Dex: 12    Spells: 10/10 levels left

rFire   + .          .
                       - Unarmed
rCold   + . .        (no shield)
rNeg    . . .        n - +0 acid dragon scales
rPois   +            (helmet restricted)
rElec   +            (no cloak)
rCorr   +            (gloves unavailable)
SInv    .            (boots unavailable)
Will    .....        (no amulet) Stlth
                     l - +3 ring of dexterity
HPRegen 1.31/turn    k - +3 ring of protection
MPRegen 0.12/turn

%: no teleportation
@: berserking (expiring), lethally poisoned (-4 -> -5), resistant, very quick
A: large, unfitting armour, claws 3, regeneration 1, shaggy fur 1, tough skin 1
a: Renounce Religion, Berserk, Trog's Hand, Brothers in Arms


You were in the Dungeon.
You worshipped Trog.
Trog was extremely pleased with you.
You visited 1 branch

Inventory:

Armour
 a - a +0 animal skin
 n - +0 acid dragon scales (worn)
Jewellery
 k - a +3 ring of protection (right claw)
 l - a +3 ring of dexterity (left claw)
Scrolls
 g - a scroll of blinking
 i - 2 scrolls of vulnerability
 j - a scroll of summoning
Potions
 b - 7 potions of curing
 c - 12 potions of heal wounds
 d - 5 potions of haste
 e - 4 potions of magic
 f - 3 potions of berserk rage
 h - 2 potions of invisibility
 m - a potion of might


   Skills:
 + Level 13.5 Fighting
 + Level 0.0 Armour
 + Level 13.4 Dodging
 + Level 15.7 Unarmed Combat


You had 10 spell levels left.
You didn't know any spells.
Your spell library was empty.

Dungeon Overview and Level Annotations

Branches:
Dungeon (1/1)

Altars:
Ashenzari
Cheibriados
Dithmenos
Elyvilon
Fedhas
Gozag
Hepliaklqana
Kikubaaqudgha
Makhleb
Nemelex Xobeh
Okawaru
Qazlal
Ru
Sif Muna
Trog
Uskayaw
Vehumet
Wu Jian
Xom
Yredelemnul
Zin
The Shining One
Jiyva
Lugonu


Innate Abilities, Weirdness & Mutations

You are too large for most types of armour.
You have claws for hands.
Your natural rate of healing is unusually fast.
You are covered in fur. (AC +1)
You have tough skin. (AC +1)


Message History

You miss Bosel.
Bosel is moderately wounded.
You feel very sick. Bosel hits you!!
* * * LOW HITPOINT WARNING * * *
Bosel burns you.
* * * LOW HITPOINT WARNING * * *
Unknown command.
You claw Bosel! Your claw misses Bosel.
Bosel is moderately wounded.
You feel sick. Bosel barely misses you.
Unknown command.
Unknown command.
You barely miss Bosel.
Bosel is moderately wounded.
You feel sick.
Unknown command.
Unknown command.
Unknown command.
You mangle Bosel!! Your claw misses Bosel.
Bosel is moderately wounded.
You feel sick.
Bosel sneers, "Thy throat shall be my victuals!"
Bosel barely misses you.
Unknown command.
Unknown command.
Unknown command.
You claw Bosel!
Bosel is moderately wounded.
You feel sick. Bosel hits you.
* * * LOW HITPOINT WARNING * * *
You feel protected.
Unknown command.
Unknown command.
Unknown command.
Unknown command.
You eviscerate Bosel!!! Your claw misses Bosel.
Bosel is heavily wounded.
You feel sick. Bosel hits you!!
You die...

#+# #.# #'#
################&#
............)...@#
..............†..#
+##############..#
#..# #..# #..#
#..# #..# #..#


You could see Bosel.

Vanquished Creatures
  A boulder beetle (D)
  An elephant (D)
  A snapping turtle (D)
  A dream sheep (D)
  A culicivora (D)
  Sigmund (D)
  A redback (D)
  A warg (D)
  A hell hound (D)
  A swamp drake (D)
  An ice beast (D)
  A centaur (D)
  A phantom (D)
  A kobold brigand (D)
  A scorpion (D)
  A crimson imp (D)
  A jelly (D)
  An iguana (D)
  An adder (D)
  A gnoll (D)
  2 orcs (D)
  A bat (D)
  A bat skeleton (D)
  A bat zombie (D)
  A hobgoblin (D)
  2 jackals (D)
  A ball python (D)
  A frilled lizard (D)
  A giant cockroach zombie (D)
31 creatures vanquished.

Vanquished Creatures (collateral kills)
  A centaur warrior (D)
  A boulder beetle (D)
  A manticore (D)
  An elephant (D)
  A black mamba (D)
  7 blink frogs (D)
  5 dream sheep (D)
  4 redbacks (D)
  An acid dragon (D)
  4 hell hounds (D)
  3 jackals (D)
29 creatures vanquished.

Grand Total: 60 creatures vanquished

Notes
Turn   | Place    | Note
-------+----------+-------------------------------------------
     0 | D        | sircluck the Troll Berserker began the quest for the Orb.
     0 | D        | Reached XP level 1. HP: 22/22 MP: 0/0
    21 | D        | Found a bloodstained altar of Trog.
    21 | D        | Found a shimmering blue altar of Sif Muna.
    21 | D        | Found a viscous altar of Jiyva.
    21 | D        | Found a hazy altar of Hepliaklqana.
    21 | D        | Found an opulent altar of Gozag.
    22 | D        | Found a glowing golden altar of the Shining One.
    22 | D        | Found a glowing silver altar of Zin.
    22 | D        | Found a basalt altar of Yredelemnul.
    22 | D        | Found a shimmering altar of Xom.
    22 | D        | Found an ornate altar of the Wu Jian Council.
    22 | D        | Found a sacrificial altar of Ru.
    22 | D        | Found a stormy altar of Qazlal.
    22 | D        | Found an iron altar of Okawaru.
    22 | D        | Found a sparkling altar of Nemelex Xobeh.
    22 | D        | Found a burning altar of Makhleb.
    22 | D        | Found a blossoming altar of Fedhas.
    22 | D        | Found a white marble altar of Elyvilon.
    22 | D        | Found a shadowy altar of Dithmenos.
    22 | D        | Found a snail-covered altar of Cheibriados.
    24 | D        | Found a radiant altar of Vehumet.
    24 | D        | Found a corrupted altar of Lugonu.
    25 | D        | Found a hide-covered altar of Uskayaw.
    25 | D        | Found an ancient bone altar of Kikubaaqudgha.
    25 | D        | Found a broken altar of Ashenzari.
    63 | D        | Reached ** piety under Trog
    75 | D        | Reached skill level 4 in Unarmed Combat
    75 | D        | Reached XP level 2. HP: 20/31 MP: 1/1
    95 | D        | Noticed an ice beast
    99 | D        | Reached *** piety under Trog
   131 | D        | Killed an ice beast
   132 | D        | Reached skill level 5 in Fighting
   132 | D        | Reached skill level 5 in Dodging
   132 | D        | Reached skill level 6 in Unarmed Combat
   132 | D        | Reached XP level 3. HP: 42/42 MP: 2/2
   132 | D        | Reached XP level 4. HP: 50/50 MP: 3/3
   175 | D        | Noticed a phantom
   193 | D        | Killed a phantom
   194 | D        | Reached skill level 7 in Unarmed Combat
   194 | D        | Reached XP level 5. HP: 51/59 MP: 4/4
   200 | D        | Noticed a warg
   215 | D        | Killed a warg
   215 | D        | Reached **** piety under Trog
   216 | D        | Reached skill level 8 in Unarmed Combat
   216 | D        | Reached XP level 6. HP: 50/68 MP: 5/5
   265 | D        | Reached ***** piety under Trog
   278 | D        | Noticed an elephant
   285 | D        | Killed an elephant
   286 | D        | Reached skill level 9 in Unarmed Combat
   286 | D        | Reached XP level 7. HP: 52/81 MP: 6/6
   313 | D        | Noticed Sigmund
   318 | D        | Killed Sigmund
   319 | D        | Reached skill level 10 in Unarmed Combat
   335 | D        | Noticed an elephant
   335 | D        | Noticed a black mamba
   338 | D        | Killed a black mamba
   339 | D        | Reached skill level 11 in Unarmed Combat
   339 | D        | Reached XP level 8. HP: 92/92 MP: 7/7
   342 | D        | Killed an elephant
   343 | D        | Reached skill level 10 in Fighting
   444 | D        | Noticed a boulder beetle
   461 | D        | Killed a boulder beetle
   462 | D        | Reached skill level 10 in Dodging
   462 | D        | Reached skill level 12 in Unarmed Combat
   462 | D        | Reached XP level 9. HP: 58/102 MP: 8/8
   621 | D        | Reached ****** piety under Trog
   698 | D        | Received a gift from Trog
   722 | D        | Noticed a manticore
   722 | D        | Noticed a boulder beetle
   729 | D        | Reached skill level 13 in Unarmed Combat
   733 | D        | Killed a boulder beetle
   734 | D        | Killed a manticore
   735 | D        | Reached XP level 10. HP: 105/115 MP: 9/9
   749 | D        | Reached skill level 14 in Unarmed Combat
   778 | D        | Received a gift from Trog
   785 | D        | Reached skill level 15 in Unarmed Combat
   786 | D        | Received a gift from Trog
   804 | D        | Noticed a centaur warrior
   816 | D        | Killed a centaur warrior
   817 | D        | Reached XP level 11. HP: 33/127 MP: 10/10
  1008 | D        | Noticed Bosel the pandemonium lord
  1021 | D        | Slain by Bosel the pandemonium lord

Illustrated notes

Levels and vault maps discovered:
D:        pitsprint [storerooms_1, entrance_room_1, metal_vault_3, armoury_1,
          mini_pit_1, grid_room_1, main_hall_1, silver_pit, the_coven_2,
          the_vestibule_1, steel_vault_5, golden_pit, hallway_of_sentries,
          crystal_vault_6, iron_vault_3, final_vault]

Skill      XL: |  1  2  3  4  5  6  7  8  9 10 |
---------------+-------------------------------+-----
Fighting       | 3 5 6 8 9 10 12 13 | 13.5
Dodging        | 3 5 6 8 9 10 11 13 | 13.4
Unarmed Combat | 4 6 7 8 9 11 12 13 15 | 15.7

Action                     |  1- 3 |  4- 6 |  7- 9 | 10-12 || total
---------------------------+-------+-------+-------+-------++-------
  Melee: Unarmed           |    28 |    43 |    40 |    19 ||   130
         Punch             |       |     1 |     3 |     4 ||     8
 Invoke: Brothers in Arms  |       |       |     2 |     3 ||     5
         Berserk           |       |       |     1 |     1 ||     2
 Armour: Animal skin       |    24 |    35 |    22 |    17 ||    98
         Acid dragon scale |       |       |       |     7 ||     7
  Dodge: Dodged            |    13 |    25 |    11 |    15 ||    64

Table legend: (Time is in decaauts)
 A = Elapsed time spent in this place.
 B = Non-inter-level travel time spent in this place.
 C = Inter-level travel time spent in this place.
 D = Time resting spent in this place.
 E = Time spent auto-exploring this place.
 F = Levels seen in this place.
 G = Mean time per level.
                   A        B        C        D        E       F      G
               +--------+--------+--------+--------+--------+-----+--------+
         Total |   1004 |   1004 |      0 |    415 |    151 |   1 | 1004.0 |
       Dungeon |   1004 |   1004 |      0 |    415 |    151 |   1 | 1004.0 |
               +--------+--------+--------+--------+--------+-----+--------+

Top non-repeatable levels by time:
       D: 1004 daAuts
